 Dungeon Crawl Stone Soup version 0.30-a0-310-g7d6cbdfea6 (webtiles) character file.

Game seed: 16678305757982306699

1783 McGhostyFace the Thaumaturge (level 9, -1/65 HPs)
             Began as a Gnoll Hedge Wizard on Oct 25, 2022.
             Slain by a sky beast (5 damage)
             ... on level 6 of the Dungeon.
             The game lasted 00:22:40 (6787 turns).

McGhostyFace the Thaumaturge (Gnoll Hedge Wizard)   Turns: 6787, Time: 00:22:41

Health: -1/65      AC:  3    Str: 11    XL:     9   Next: 8%
Magic:  20/21      EV: 15    Int: 17    God:
Gold:   311        SH:  0    Dex: 17    Spells: 16/24 levels left

rFire   . . .      SeeInvis .    F - +5 dagger
rCold   . . .      Faith    .    (no shield)
rNeg    . . .      Spirit   .    b - +0 robe
rPois   .          Reflect  .    c - +0 hat
rElec   .          Harm     .    (no cloak)
rCorr   .          Rampage  .    h - +0 pair of gloves
Will    +....                    (no boots)
Stlth   +++.......               o - amulet of the acrobat
HPRegen 0.00/turn                j - ring of willpower
MPRegen 0.17/turn                v - +6 ring of dexterity

@: inhibited regen
A: fangs 1, strong nose, distributed training, mutation resistance 1, inhibited
regeneration
a: no special abilities


You were on level 6 of the Dungeon.
You visited 1 branch of the dungeon, and saw 6 of its levels.

You collected 311 gold pieces.

Inventory:

Hand Weapons
 a - a +0 dagger
 B - a +2 dagger of speed
 F - a +5 dagger (weapon)
Missiles
 u - 9 poisoned darts
Armour
 b - a +0 robe (worn)
 c - a +0 hat (worn)
 h - a +0 pair of gloves (worn)
Jewellery
 j - a ring of willpower (left hand)
 o - an amulet of the acrobat (around neck)
 v - a +6 ring of dexterity (right hand)
 A - a ring of positive energy
Wands
 E - a wand of acid (2)
Scrolls
 g - a scroll of magic mapping {unknown}
 i - 2 scrolls of brand weapon {unknown}
 k - 4 scrolls of amnesia
 l - 4 scrolls of enchant weapon {unknown}
 m - a scroll of butterflies {unknown}
 n - a scroll of immolation {unknown}
 q - 2 scrolls of vulnerability {unknown}
 x - a scroll of noise {unknown}
 y - 3 scrolls of enchant armour {unknown}
 C - a scroll of fear {unknown}
 D - 2 scrolls of teleportation {unknown}
Potions
 d - 2 potions of magic
 e - a potion of curing
 f - 2 potions of berserk rage
 p - a potion of degeneration
 r - a potion of haste
 s - a potion of cancellation
 t - a potion of attraction
 w - 3 potions of flight
 z - 2 potions of brilliance


   Skills:
 + Level 4.0 Fighting
 + Level 4.0 Short Blades
 + Level 4.0 Long Blades
 + Level 4.0 Axes
 + Level 4.0 Maces & Flails
 + Level 4.0 Polearms
 + Level 4.0 Staves
 + Level 4.0 Ranged Weapons
 + Level 4.0 Throwing
 + Level 4.0 Armour
 + Level 6.2 Dodging
 + Level 5.9 Stealth
 + Level 4.0 Shields
 + Level 4.0 Unarmed Combat
 + Level 8.3 Spellcasting
 + Level 4.0 Conjurations
 + Level 3.3 Hexes
 + Level 4.0 Summonings
 + Level 3.3 Necromancy
 + Level 4.0 Translocations
 + Level 3.3 Transmutations
 + Level 3.3 Fire Magic
 + Level 3.3 Ice Magic
 + Level 3.3 Air Magic
 + Level 3.3 Earth Magic
 + Level 3.3 Poison Magic
 + Level 4.4 Invocations
 + Level 4.0 Evocations


You had 16 spell levels left.
You knew the following spells:

 Your Spells              Type           Power      Damage    Failure   Level
a - Magic Dart            Conj           80%        1d7       1%          1
b - Blink                 Tloc           40%        N/A       3%          2
c - Call Imp              Summ           20%        N/A       3%          2
d - Mephitic Cloud        Conj/Pois/Air  19%        N/A       7%          3

Your spell library contained the following spells:

 Spells                   Type           Power      Damage    Failure   Level
 Slow                     Hex            72%        N/A       2%          1
 Cigotuvi's Dreadful Rot  Necr/Pois/Air  36%        N/A       4%          2
 Ensorcelled Hibernation  Hex/Ice        36%        N/A       4%          2
 Spider Form              Tmut/Pois      18%        N/A       8%          3
 Anguish                  Hex/Necr       9%         N/A       26%         4


Dungeon Overview and Level Annotations

Branches:
Dungeon (6/15)
 Temple: D:4-7

Altars:
Makhleb
Ru


Innate Abilities, Weirdness & Mutations

You have very sharp teeth.
Your uncanny sense of smell can sniff out nearby items.
Your experience applies equally to all skills.
You are somewhat resistant to further mutation.
You do not regenerate when monsters are visible.


Message History

The sky beast flickers out of sight!
Deactivating autopickup; reactivate with Ctrl-A.
You can't see any susceptible monsters within range! (Use Z to cast anyway.)
You can't see any susceptible monsters within range! (Use Z to cast anyway.)
You can't see any susceptible monsters within range! (Use Z to cast anyway.)
You can't see any susceptible monsters within range! (Use Z to cast anyway.)
Something hits you. Something shocks you. Something closely misses you.
You barely miss something. Something hits you. Something shocks you.
You miss something. You bite something. You closely miss something.
Something hits you. Something shocks you.
You closely miss something. You bite something. Something hits you.
Something shocks you.
You hit something.
A sky beast appears from thin air!
Reactivating autopickup.
The sky beast hits you. The sky beast shocks you.
You hit the sky beast.
The sky beast is heavily wounded.
The sky beast closely misses you.
You hit the sky beast.
You bite the sky beast, but do no damage.
The sky beast is severely wounded.
You hit the sky beast.
The sky beast is almost dead.
The sky beast flickers out of sight!
Deactivating autopickup; reactivate with Ctrl-A.
Something hits you. Something shocks you.
You miss something. Your bite misses something. Something hits you.
* * * LOW HITPOINT WARNING * * *
Something shocks you.
* * * LOW HITPOINT WARNING * * *
You hit something. Your punch misses something. You bite something.
Something hits you.
* * * LOW HITPOINT WARNING * * *
Something shocks you.
* * * LOW HITPOINT WARNING * * *
You miss something. Something hits you.
* * * LOW HITPOINT WARNING * * *
Something shocks you.
You die...

#.# #####.# #..##.## .
#+ ##......# .
#.##.†.##..########
...###....#.............
..........####.#.......#
....###{#........#####.#
... #@#####..#.....#.# .
#.# #.######.... ..# #.
##... #### #. #### ∆ #.
### #. .... #.... #....
#....


There were no monsters in sight!

Vanquished Creatures
  4 yaks (D:5)
  An orc warrior (D:6)
  A black bear (D:5)
  A phantom (D:4)
  A necrophage (D:6)
  2 wights (D:6)
  3 hounds
  2 orc priests
  A jelly (D:4)
  An iguana (D:5)
  3 orc wizards
  4 gnolls (D:6)
  3 adders
  A white imp (D:5)
  2 dart slugs (D:2)
  5 orcs
  7 ball pythons
  7 endoplasms
  2 giant cockroaches
  6 goblins
  3 hobgoblins
  3 jackals
  2 quokkas (D:2)
  3 bats
  4 frilled lizards
  5 kobolds
  3 rats
80 creatures vanquished.

Vanquished Creatures (collateral kills)
  A water moccasin (D:5)
  An ogre (D:5)
  A scorpion (D:5)
  A wight (D:5)
  An orc priest (D:4)
  An iguana (D:4)
  Terence (D:2)
  4 orcs
  A goblin (D:3)
  3 jackals (D:3)
15 creatures vanquished.

Vanquished Creatures (others)
  An orc (D:3)
  7 fungi (D:3)
8 creatures vanquished.

Grand Total: 103 creatures vanquished

Notes
Turn   | Place    | Note
-------+----------+-------------------------------------------
     0 | D:1      | McGhostyFace the Gnoll Hedge Wizard began the quest for the
                  | Orb.
     0 | D:1      | Reached XP level 1. HP: 13/13 MP: 8/8
   403 | D:1      | Reached XP level 2. HP: 19/19 MP: 6/10
   980 | D:1      | Learned a level 2 spell: Blink
   983 | D:1      | Learned a level 2 spell: Call Imp
  1121 | D:2      | Noticed Terence
  1362 | D:2      | Reached XP level 3. HP: 22/25 MP: 11/11
  1629 | D:2      | Killed Terence
  1630 | D:2      | Reached skill level 1 in Fighting
  1630 | D:2      | Reached skill level 1 in Short Blades
  1630 | D:2      | Reached skill level 1 in Long Blades
  1630 | D:2      | Reached skill level 1 in Axes
  1630 | D:2      | Reached skill level 1 in Maces & Flails
  1630 | D:2      | Reached skill level 1 in Polearms
  1630 | D:2      | Reached skill level 1 in Staves
  1630 | D:2      | Reached skill level 1 in Ranged Weapons
  1630 | D:2      | Reached skill level 1 in Throwing
  1630 | D:2      | Reached skill level 1 in Armour
  1630 | D:2      | Reached skill level 1 in Shields
  1630 | D:2      | Reached skill level 1 in Unarmed Combat
  1630 | D:2      | Reached skill level 1 in Invocations
  1630 | D:2      | Reached skill level 1 in Evocations
  1725 | D:2      | Reached XP level 4. HP: 31/32 MP: 13/13
  2184 | D:3      | Found a burning altar of Makhleb.
  2277 | D:3      | Reached skill level 1 in Hexes
  2277 | D:3      | Reached skill level 1 in Necromancy
  2277 | D:3      | Reached skill level 1 in Transmutations
  2277 | D:3      | Reached skill level 1 in Fire Magic
  2277 | D:3      | Reached skill level 1 in Ice Magic
  2277 | D:3      | Reached skill level 1 in Air Magic
  2277 | D:3      | Reached skill level 1 in Earth Magic
  2277 | D:3      | Reached skill level 1 in Poison Magic
  2724 | D:4      | Noticed a phantom
  2731 | D:4      | Killed a phantom
  2732 | D:4      | Reached XP level 5. HP: 26/37 MP: 9/14
  2971 | D:4      | Found a sacrificial altar of Ru.
  3012 | D:4      | Reached XP level 6. HP: 25/44 MP: 11/16
  3183 | D:4      | Reached skill level 5 in Dodging
  4132 | D:4      | Learned a level 3 spell: Mephitic Cloud
  4133 | D:5      | Entered Level 5 of the Dungeon
  4227 | D:5      | Reached XP level 7. HP: 19/50 MP: 3/18
  4672 | D:5      | Reached skill level 5 in Stealth
  4724 | D:5      | Noticed a yak
  4724 | D:5      | Noticed a yak
  4725 | D:5      | Noticed a yak
  4726 | D:5      | Noticed a yak
  4784 | D:5      | Gained mutation: You do not regenerate when monsters are
                  | visible. [potion of mutation]
  4784 | D:5      | Gained mutation: You are somewhat resistant to further
                  | mutation. [potion of mutation]
  4800 | D:5      | Noticed a yak
  5951 | D:5      | Killed a yak
  5952 | D:5      | Reached XP level 8. HP: 27/58 MP: 2/19
  5969 | D:5      | Killed a yak
  5972 | D:5      | HP: 1/87 [yak (7)]
  5975 | D:5      | Killed a yak
  5976 | D:5      | Reached skill level 8 in Spellcasting
  5978 | D:5      | Killed a yak
  6491 | D:6      | Reached XP level 9. HP: 40/65 MP: 18/21
  6787 | D:6      | Slain by a sky beast

Illustrated notes

Levels and vault maps discovered:
D:1:      psy_arrival_basics, layout_rooms, minmay_door_square
D:2:      layout_loops_corners, solitary_fountain, uniq_terence
D:3:      layout_basic, mainiacjoe_overflow_cross_hatched,
          chequers_serial_rivers_large_b, nicolae_figureground_sparkle
D:4:      layout_loops_ring, general_overflow_altar
D:5:      layout_gridville
D:6:      layout_rooms, gammafunk_temple_overflow_claw, minmay_temple_entry_hall

Skill      XL: |  1  2  3  4  5  6  7  8 |
---------------+-------------------------+-----
Conjurations   | 2 3 4 |  4.0
Summonings     | 2 3 4 |  4.0
Translocations | 2 3 4 |  4.0
Fighting       | 1 2 3 4 |  4.0
Short Blades   | 1 2 3 4 |  4.0
Long Blades    | 1 2 3 4 |  4.0
Axes           | 1 2 3 4 |  4.0
Maces & Flails | 1 2 3 4 |  4.0
Polearms       | 1 2 3 4 |  4.0
Staves         | 1 2 3 4 |  4.0
Ranged Weapons | 1 2 3 4 |  4.0
Throwing       | 1 2 3 4 |  4.0
Armour         | 1 2 3 4 |  4.0
Shields        | 1 2 3 4 |  4.0
Unarmed Combat | 1 2 3 4 |  4.0
Invocations    | 1 2 3 4 |  4.4
Evocations     | 1 2 3 4 |  4.0
Hexes          | 1 2 3 |  3.3
Necromancy     | 1 2 3 |  3.3
Transmutations | 1 2 3 |  3.3
Fire Magic     | 1 2 3 |  3.3
Ice Magic      | 1 2 3 |  3.3
Air Magic      | 1 2 3 |  3.3
Earth Magic    | 1 2 3 |  3.3
Poison Magic   | 1 2 3 |  3.3
Dodging        | 5 6 |  6.2
Stealth        | 5 |  5.9
Spellcasting   | 8 |  8.3

Action                   |  1- 3 |  4- 6 |  7- 9 || total
-------------------------+-------+-------+-------++-------
Melee: Dagger            |    69 |   104 |    69 ||   242
       Bite              |     9 |    10 |    14 ||    33
       Punch             |       |       |     4 ||     4
 Cast: Magic Dart        |    33 |    57 |    67 ||   157
       Call Imp          |     1 |    18 |    21 ||    40
       Blink             |       |     2 |     6 ||     8
       Mephitic Cloud    |       |       |    10 ||    10
  Use: Scroll            |       |       |    10 ||    10
       Potion            |       |       |     3 ||     3
 Stab: Sleeping          |     5 |     8 |       ||    13
       Distracted        |       |       |     1 ||     1
       Confused          |       |       |     3 ||     3
Armor: Robe              |     6 |    18 |     4 ||    28
Dodge: Dodged            |    38 |    86 |    65 ||   189

Table legend: (Time is in decaauts)
 A = Elapsed time spent in this place.
 B = Non-inter-level travel time spent in this place.
 C = Inter-level travel time spent in this place.
 D = Time resting spent in this place.
 E = Time spent auto-exploring this place.
 F = Levels seen in this place.
 G = Mean time per level.
                   A        B        C        D        E       F      G
               +--------+--------+--------+--------+--------+-----+--------+
         Total |   6772 |   6591 |    181 |   1620 |   3426 |   6 | 1128.7 |
       Dungeon |   6772 |   6591 |    181 |   1620 |   3426 |   6 | 1128.7 |
               +--------+--------+--------+--------+--------+-----+--------+

Top non-repeatable levels by time:
     D:5: 1858 daAuts
     D:4: 1462 daAuts
     D:3: 1221 daAuts
     D:2: 1181 daAuts
     D:1: 654 daAuts
     D:6: 394 daAuts
